 Dungeon Crawl Stone Soup version 0.26-a0-1020-ge47f559bc5 (console) character file.

Game seed: 6134057211843292016

600 Ignak the Grave Robber (level 7, 0/51 HPs)
             Began as a Gnoll Necromancer on Dec 8, 2020.
             Was an Initiate of Okawaru.
             Slain by an iguana (13 damage)
             ... in the Ecumenical Temple.
             The game lasted 00:09:51 (3868 turns).

Ignak the Grave Robber (Gnoll Necromancer)          Turns: 3868, Time: 00:09:51

Health: 0/51       AC:  7    Str: 10    XL:     7   Next: 41%
Magic:  2/15       EV: 13    Int: 17    God:    Okawaru [......]
Gold:   306        SH:  5    Dex: 18    Spells: 8/17 levels left

rFire    . . .     SeeInvis .   p - +4 quarterstaff (chaos)
rCold    . . .     Faith    .   (shield currently unavailable)
rNeg     . . .     Spirit   .   b - +0 ring mail
rPois    .         Reflect  +   (no helmet)
rElec    .         Harm     .   q - +0 cloak
rCorr    .         Rampage  .   j - +0 pair of gloves
Will     .....                  (no boots)
Stlth    ++........             n - amulet of reflection
HPRegen  0.17/turn              (no ring)
MPRegen  0.14/turn              (no ring)

@: no status effects
A: distributed training, fangs 1, strong nose
a: Renounce Religion


You were in the Ecumenical Temple.
You worshipped Okawaru.
Okawaru was noncommittal.
You visited 2 branches of the dungeon, and saw 5 of its levels.

You collected 306 gold pieces.

Inventory:

Hand Weapons
 p - a +4 quarterstaff of chaos (weapon)
Missiles
 t - 16 poisoned darts (quivered)
Armour
 b - a +0 ring mail (worn)
 j - a +0 pair of gloves (worn)
 q - a +0 cloak (worn)
 s - a cursed +0 kite shield
Jewellery
 n - an amulet of reflection (around neck)
Scrolls
 e - a scroll of magic mapping {unknown}
 g - a scroll of fear {unknown}
 h - a scroll of random uselessness {unknown}
 k - 3 scrolls of remove curse {unknown}
 l - 3 scrolls of identify {unknown}
 o - 2 scrolls of teleportation {unknown}
 r - a scroll of noise {unknown}
Potions
 a - a potion of mutation {unknown}
 c - a potion of attraction {unknown}
 d - a potion of curing {unknown}
 f - 3 potions of might
 i - a potion of degeneration {unknown}
 m - 2 potions of flight {unknown}
 u - a potion of resistance {unknown}
 v - a potion of ambrosia {unknown}


   Skills:
 + Level 2.4 Fighting
 + Level 2.4 Short Blades
 + Level 2.4 Long Blades
 + Level 2.4 Axes
 + Level 2.4 Maces & Flails
 + Level 2.4 Polearms
 + Level 2.4 Staves
 + Level 2.4 Slings
 + Level 2.4 Bows
 + Level 2.4 Crossbows
 + Level 2.4 Throwing
 + Level 2.4 Armour
 + Level 5.2 Dodging
 + Level 4.9 Stealth
 + Level 2.4 Shields
 + Level 2.4 Unarmed Combat
 + Level 5.6 Spellcasting
 + Level 2.0 Conjurations
 + Level 2.0 Hexes
 + Level 2.0 Summonings
 + Level 7.4 Necromancy
 + Level 2.0 Translocations
 + Level 2.0 Transmutations
 + Level 2.0 Fire Magic
 + Level 2.0 Ice Magic
 + Level 2.0 Air Magic
 + Level 2.0 Earth Magic
 + Level 2.0 Poison Magic
 + Level 2.7 Invocations
 + Level 2.4 Evocations


You had 8 spell levels left.
You knew the following spells:

 Your Spells              Type           Power        Failure   Level
a - Pain                  Necr           ####         1%          1
b - Blink                 Tloc           N/A          22%         2
c - Vampiric Draining     Necr           ####......   4%          3
d - Mephitic Cloud        Conj/Pois/Air  ##......     38%         3

Your spell library contained the following spells:

 Spells                   Type           Power        Failure   Level
 Animate Skeleton         Necr           ####..       1%          1
 Magic Dart               Conj           ##..         14%         1
 Animate Dead             Necr           ####......   16%         4
 Call Imp                 Summ           ##......     22%         2
 Slow                     Hex            ##......     22%         2
 Conjure Flame            Conj/Fire      ##......     38%         3
 Agony                    Necr           ####....     38%         5


Dungeon Overview and Level Annotations

Branches:
Dungeon (4/15)             Temple (1/1) D:4

Altars:
Dithmenos
Nemelex Xobeh
Okawaru


Innate Abilities, Weirdness & Mutations

Your experience applies equally to all skills.
You have very sharp teeth.
Your uncanny sense of smell can sniff out nearby items.


Message History

The iguana is heavily wounded.
The iguana bites you.
* * * LOW HITPOINT WARNING * * *
The iguana closely misses you.
You closely miss the iguana.
The iguana is heavily wounded.
The iguana closely misses you. The iguana misses you.
The iguana barely misses you.
Unknown command.
You hit the iguana. You freeze the iguana.
The iguana is heavily wounded.
The iguana bites you.
* * * LOW HITPOINT WARNING * * *
Press: ? - help, v - describe, . - travel
Here: an iguana (heavily wounded, berserk)
The floor.
You block the iguana's attack. The iguana misses you.
Your magical contamination has completely faded away.
The iguana bites you!
You die...

. # .. #. .#.
##### #. ...
#...# ..
##.##._.# .##
#...#...#...#
#._.@l...._.#
#...##.##...#
#####...#####
#.<.# #...#
#####


You could see an iguana (berserk).

Vanquished Creatures
  Grinder (D:3)
  An ogre (D:4)
  A scorpion (D:4)
  A hound (D:4)
  Crazy Yiuf (D:2)
  Jessica (D:3)
  Natasha (twice) (D:2)
  3 adders
  An ooze (D:1)
  An adder skeleton (D:4)
  A worm (D:4)
  3 dart slugs
  7 leopard geckos
  An orc (D:3)
  A giant cockroach (D:2)
  6 goblins
  10 hobgoblins
  3 jackals (D:1)
  8 kobolds
  A quokka (D:3)
  3 ball pythons
  3 bats
  3 frilled lizards
  7 rats
70 creatures vanquished.

Notes
Turn   | Place    | Note
-------+----------+-------------------------------------------
     0 | D:1      | Ignak the Gnoll Necromancer began the quest for the Orb.
     0 | D:1      | Reached XP level 1. HP: 13/13 MP: 6/6
   253 | D:1      | Reached XP level 2. HP: 16/19 MP: 3/7
   604 | D:1      | Reached XP level 3. HP: 13/25 MP: 0/9
   608 | D:1      | Reached skill level 5 in Spellcasting
   932 | D:1      | Learned a level 3 spell: Vampiric Draining
  1141 | D:1      | Reached skill level 1 in Invocations
  1346 | D:2      | Reached skill level 1 in Fighting
  1346 | D:2      | Reached skill level 1 in Short Blades
  1346 | D:2      | Reached skill level 1 in Long Blades
  1346 | D:2      | Reached skill level 1 in Axes
  1346 | D:2      | Reached skill level 1 in Maces & Flails
  1346 | D:2      | Reached skill level 1 in Polearms
  1346 | D:2      | Reached skill level 1 in Staves
  1346 | D:2      | Reached skill level 1 in Slings
  1346 | D:2      | Reached skill level 1 in Bows
  1346 | D:2      | Reached skill level 1 in Crossbows
  1346 | D:2      | Reached skill level 1 in Throwing
  1346 | D:2      | Reached skill level 1 in Armour
  1346 | D:2      | Reached skill level 1 in Shields
  1346 | D:2      | Reached skill level 1 in Unarmed Combat
  1346 | D:2      | Reached skill level 1 in Evocations
  1346 | D:2      | Reached XP level 4. HP: 25/32 MP: 6/11
  1681 | D:2      | Noticed Natasha
  1684 | D:2      | Killed Natasha
  1685 | D:2      | Reached skill level 1 in Conjurations
  1685 | D:2      | Reached skill level 1 in Hexes
  1685 | D:2      | Reached skill level 1 in Summonings
  1685 | D:2      | Reached skill level 1 in Translocations
  1685 | D:2      | Reached skill level 1 in Transmutations
  1685 | D:2      | Reached skill level 1 in Fire Magic
  1685 | D:2      | Reached skill level 1 in Ice Magic
  1685 | D:2      | Reached skill level 1 in Air Magic
  1685 | D:2      | Reached skill level 1 in Earth Magic
  1685 | D:2      | Reached skill level 1 in Poison Magic
  1925 | D:2      | Noticed Natasha
  1941 | D:2      | Killed Natasha
  1942 | D:2      | Reached XP level 5. HP: 36/37 MP: 7/12
  2165 | D:2      | Found a runed translucent door.
  2166 | D:2      | Noticed Crazy Yiuf
  2173 | D:2      | Killed Crazy Yiuf
  2422 | D:3      | Noticed Jessica
  2430 | D:3      | Killed Jessica
  2540 | D:3      | Noticed Grinder
  2605 | D:3      | Paralysed by Grinder for 3 turns
  2936 | D:3      | Paralysed by Grinder for 7 turns
  2953 | D:3      | Killed Grinder
  2954 | D:3      | Reached skill level 5 in Dodging
  2954 | D:3      | Reached XP level 6. HP: 21/44 MP: 14/14
  3568 | D:4      | Reached XP level 7. HP: 50/50 MP: 15/15
  3636 | D:4      | Found a staircase to the Ecumenical Temple.
  3658 | Temple   | Entered the Ecumenical Temple
  3668 | Temple   | Became a worshipper of Warmaster Okawaru
  3679 | D:4      | Learned a level 2 spell: Blink
  3683 | D:4      | Learned a level 3 spell: Mephitic Cloud
  3868 | Temple   | Slain by an iguana

Illustrated notes

Levels and vault maps discovered:
D:1:      evilmike_arrival_hilbert_curve, layout_rooms
D:2:      layout_basic, kennysheep_minor_cross, uniq_natasha,
          uniq_crazy_yiuf_cottage
D:3:      layout_rooms, uniq_jessica, uniq_grinder
D:4:      layout_loops_cross, minmay_temple_entry_offerings
Temple:   eino_wide_crystal_templ

Skill      XL: |  1  2  3  4  5  6  7 |
---------------+----------------------+-----
Spellcasting   | 5 |  5.6
Invocations    | 1 2 |  2.7
Fighting       | 1 2 |  2.4
Short Blades   | 1 2 |  2.4
Long Blades    | 1 2 |  2.4
Axes           | 1 2 |  2.4
Maces & Flails | 1 2 |  2.4
Polearms       | 1 2 |  2.4
Staves         | 1 2 |  2.4
Slings         | 1 2 |  2.4
Bows           | 1 2 |  2.4
Crossbows      | 1 2 |  2.4
Throwing       | 1 2 |  2.4
Armour         | 1 2 |  2.4
Shields        | 1 2 |  2.4
Unarmed Combat | 1 2 |  2.4
Evocations     | 1 2 |  2.4
Conjurations   | 1 2 |  2.0
Hexes          | 1 2 |  2.0
Summonings     | 1 2 |  2.0
Translocations | 1 2 |  2.0
Transmutations | 1 2 |  2.0
Fire Magic     | 1 2 |  2.0
Ice Magic      | 1 2 |  2.0
Air Magic      | 1 2 |  2.0
Earth Magic    | 1 2 |  2.0
Poison Magic   | 1 2 |  2.0
Dodging        | 5 |  5.2
Stealth        | |  4.9
Necromancy     | |  7.4

Action                   |  1- 3 |  4- 6 |  7- 9 || total
-------------------------+-------+-------+-------++-------
Melee: Unarmed           |    11 |     4 |       ||    15
       Club              |    18 |    58 |       ||    76
       Bite              |     2 |    14 |     1 ||    17
       Quarterstaff      |       |    46 |    20 ||    66
       Punch             |       |     1 |       ||     1
 Cast: Pain              |    52 |     8 |       ||    60
       Vampiric Draining |       |     5 |     1 ||     6
       Mephitic Cloud    |       |       |     1 ||     1
 Stab: Sleeping          |     2 |     9 |     1 ||    12
Armor: Ring mail         |    14 |    34 |     2 ||    50
Dodge: Dodged            |    36 |    76 |    18 ||   130
Block: Other             |       |    25 |     3 ||    28
       Reflection        |       |     1 |       ||     1

Table legend: (Time is in decaauts)
 A = Elapsed time spent in this place.
 B = Non-inter-level travel time spent in this place.
 C = Inter-level travel time spent in this place.
 D = Time resting spent in this place.
 E = Time spent auto-exploring this place.
 F = Levels seen in this place.
 G = Mean time per level.
                   A        B        C        D        E       F      G
               +--------+--------+--------+--------+--------+-----+--------+
         Total |   3888 |   3846 |     42 |    793 |   1920 |   5 |  777.6 |
       Dungeon |   3858 |   3816 |     42 |    793 |   1920 |   4 |  964.5 |
        Temple |     29 |     29 |      0 |      0 |      0 |   1 |   29.0 |
               +--------+--------+--------+--------+--------+-----+--------+

Top non-repeatable levels by time:
     D:2: 1481 daAuts
     D:1: 1178 daAuts
     D:3: 871 daAuts
     D:4: 328 daAuts
  Temple: 29 daAuts
